 Dungeon Crawl Stone Soup version 0.21-a0-529-g8c7b3f5 (webtiles) character file.

968 slep the Chopper (level 8, 0/40 HPs)
             Began as a Vine Stalker Gladiator on Dec 11, 2017.
             Slain by a sky beast (2 damage)
             ... on level 6 of the Dungeon.
             The game lasted 00:13:55 (4171 turns).

slep the Chopper (Vine Stalker Gladiator)           Turns: 4171, Time: 00:13:55

Health: 0/40       AC:  7    Str: 20    XL:     8   Next: 15%
Magic:  0/8        EV: 13    Int:  8    God:
Gold:   219        SH:  0    Dex: 15    Spells: 7/7 levels left

rFire    + . .     SeeInvis .   w - +1 hand axe (drain)
rCold    x . .     Gourm    .   (no shield)
rNeg     + . .     Faith    .   o - +0 leather armour {rN+}
rPois    .         Spirit   +   c - +0 helmet
rElec    .         Reflect  .   s - +0 cloak
rCorr    .         Harm     .   (no gloves)
MR       +....                  (no boots)
Stlth    ++........             (no amulet)
HPRegen  0.53/turn              p - ring of fire
MPRegen  0.11/turn              (no ring)

@: no status effects
A: fangs 3, talons 1, slimy green scales 1, low mp 1, regeneration 1, wild magic
1, magic shield, antimagic bite, no potion heal 3, rot immunity
a: no special abilities


You were on level 6 of the Dungeon.
You were not hungry.

You visited 1 branch of the dungeon, and saw 6 of its levels.

You collected 219 gold pieces.

Inventory:

Hand Weapons
 a - a +0 war axe
 i - a -3 mace
 w - a +1 hand axe of draining (weapon)
 y - the +4 Vampire's Tooth {vamp}
   (You found it on level 5 of the Dungeon)

   It inflicts no extra harm, but heals its wielder when it wounds a living foe.
Missiles
 d - 3 throwing nets (quivered)
 u - 5 tomahawks
Armour
 b - a +0 leather armour
 c - a +0 helmet (worn)
 o - a +0 leather armour of positive energy (worn)
 s - a +0 cloak (worn)
Jewellery
 p - a ring of fire (left hand)
Scrolls
 e - 4 scrolls of remove curse
 g - 5 scrolls of identify {unknown}
 k - a scroll of blinking {unknown}
 l - 2 scrolls of immolation {unknown}
 m - a scroll of magic mapping {unknown}
 q - 3 scrolls of teleportation {unknown}
 x - a scroll of fear {unknown}
Potions
 h - a potion of curing
 n - a potion of haste
 r - 2 potions of lignification {unknown}
 t - 2 potions of brilliance {unknown}
 v - a potion of invisibility {unknown}
 z - a potion of agility {unknown}
Comestibles
 f - 6 bread rations
 j - 2 meat rations


   Skills:
 + Level 3.5 Fighting
 + Level 6.5 Axes
 + Level 1.8 Throwing
 + Level 2.2 Armour
 + Level 3.6 Dodging
 + Level 3.2 Stealth


You had 7 spell levels left.
You didn't know any spells.

Dungeon Overview and Level Annotations

Branches:
Dungeon (6/15)
 Temple: D:4-7

Altars:
Trog


Innate Abilities, Weirdness & Mutations

You have razor-sharp teeth.
Your natural rate of healing is unusually fast.
When hurt, damage is shared between your health and your magic reserves.
Your bite disrupts and absorbs the magic of your enemies.
Potions cannot restore your health.
You are immune to rotting.
You have sharp toenails.
You are partially covered in slimy green scales. (AC +2)
Your magical capacity is low. (-10% MP)
Your spells are a little harder to cast, but a little more powerful.


Message History

You drain the orc warrior! Your kick misses the orc warrior.
The orc warrior is heavily wounded.
You barely miss something. Something hits you but does no damage.
The orc warrior hits you but does no damage.
You hit the orc warrior but do no damage.
You claw the orc warrior!
The orc warrior is severely wounded.
Your leather armour prevents you from hitting something.
The orc wizard gestures wildly while chanting.
The orc wizard blinks!
Something hits you.
* * * LOW HITPOINT WARNING * * *
Something shocks you.
* * * LOW HITPOINT WARNING * * *
The orc warrior hits you with a trident.
* * * LOW HITPOINT WARNING * * *
You hit the orc warrior. You drain the orc warrior!
Your bite misses the orc warrior.
The orc warrior is almost dead.
You barely miss something. Something hits you.
You die...

#.. ##<. # ... .##
..##.. ####.... . #####
#.....# ... ....
.######?##{###....#
..####..........@ooh..#
.......####....####o....
....#######..#...... .##
..#......).......##.
..#####.##...##.....
######..#...## ###..
...........## #.#
.......##..# .# <...###
#.##


You could see an orc warrior, a hound, an orc priest and an orc.

Vanquished Creatures
  A sky beast (D:5)
  A phantom (D:5)
  An ogre (D:6)
  A crocodile (D:6)
  A water moccasin skeleton (D:4)
  2 vampire bats (D:5)
  A howler monkey (D:4)
  A crimson imp (D:5)
  2 orc priests (D:3)
  A jelly (D:5)
  2 orc wizards (D:3)
  Terence (D:3)
  3 worker ants (D:5)
  6 adders
  A shadow imp (D:5)
  2 worms
  4 dart slugs
  4 leopard geckos
  15 orcs
  A ball python (D:2)
  2 giant cockroaches
  7 goblins
  8 hobgoblins
  4 jackals (D:2)
  7 quokkas
  15 bats
  5 frilled lizards
  9 kobolds
  6 rats
114 creatures vanquished.

Notes
Turn   | Place    | Note
-------+----------+-------------------------------------------
     0 | D:1      | slep the Vine Stalker Gladiator began the quest for the Orb.
     0 | D:1      | Reached XP level 1. HP: 11/11 MP: 2/2
   138 | D:1      | Reached skill level 3 in Axes
   138 | D:1      | Reached XP level 2. HP: 8/15 MP: 1/3
   338 | D:1      | Reached XP level 3. HP: 7/18 MP: 4/4
   768 | D:2      | Found a bloodstained altar of Trog.
  1124 | D:2      | Gained mutation: Your natural rate of healing is unusually fast. [Vine Stalker growth]
  1124 | D:2      | Reached XP level 4. HP: 20/23 MP: 5/5
  1808 | D:3      | Noticed Terence
  1814 | D:3      | Killed Terence
  1814 | D:3      | Reached skill level 1 in Armour
  1910 | D:3      | Reached XP level 5. HP: 27/27 MP: 6/6
  1928 | D:3      | Reached skill level 4 in Axes
  1928 | D:3      | Reached skill level 1 in Stealth
  1975 | D:3      | Reached XP level 6. HP: 21/32 MP: 5/7
  2798 | D:4      | Reached skill level 5 in Axes
  3279 | D:5      | Entered Level 5 of the Dungeon
  3384 | D:5      | Noticed a sky beast
  3393 | D:5      | Reached XP level 7. HP: 11/35 MP: 2/8
  3403 | D:5      | Gained mutation: Your spells are a little harder to cast, but a little more powerful. [mutagenic meat]
  3404 | D:5      | Gained mutation: Your magical capacity is low. (-10% MP) [mutagenic meat]
  3405 | D:5      | Gained mutation: You have sharp toenails. [mutagenic meat]
  3406 | D:5      | Gained mutation: You are partially covered in slimy green scales. (AC +2) [mutagenic meat]
  3670 | D:5      | Reached skill level 6 in Axes
  4059 | D:5      | Found the +4 Vampire's Tooth {vamp}
  4144 | D:6      | Gained mutation: You have razor-sharp teeth. [Vine Stalker growth]
  4144 | D:6      | Reached XP level 8. HP: 40/40 MP: 8/8
  4170 | D:6      | HP: 2/40 [orc warrior/trident (2)]
  4171 | D:6      | Slain by a sky beast

Vault maps used:
D:1:      wheals_arrival_linesprint
D:2:      bloody_trog, first_bread
D:3:      uniq_terence
D:5:      wad_floor_pattern_2, minmay_guarded_unrand_vampires_tooth
D:6:      kennysheep_housing_project, serial_shops, shop

Skill      XL: |  1  2  3  4  5  6  7 |
---------------+----------------------+-----
Axes           | 3 4 5 6 |  6.5
Fighting       | 2 3 |  3.5
Dodging        | 3 |  3.6
Armour         | 1 2 |  2.2
Stealth        | 1 3 |  3.2
Throwing       | |  1.8

Action                   |  1- 3 |  4- 6 |  7- 9 || total
-------------------------+-------+-------+-------++-------
Melee: War axe           |    87 |   115 |       ||   202
       Bite              |    24 |    34 |    21 ||    79
       Hand axe          |       |    23 |    75 ||    98
       Kick              |       |       |    20 ||    20
  Use: Potion            |     1 |     5 |       ||     6
       Scroll            |       |     1 |       ||     1
 Stab: Sleeping          |     2 |     4 |     4 ||    10
  Eat: Chunk             |     1 |     6 |     8 ||    15
Armor: Leather armour    |    28 |    38 |    23 ||    89
Dodge: Dodged            |    76 |   119 |    43 ||   238

Table legend:
 A = Spawn XP
 B = Non-spawn XP
 C = Spawn XP percentage of total XP
 D = Spawn monster count
 E = Non-spawn monster count
 F = Spawn count percentage of total count
 G = Total turns spent on level
                    A         B        C        D         E        F      G
               +---------+---------+-------+---------+---------+-------+---------
         Total |       0 |    1383 |   0.0 |       0 |     114 |   0.0 |  4171
               +---------+---------+-------+---------+---------+-------+---------
           D:1 |       0 |      48 |   0.0 |       0 |      27 |   0.0 |   708
           D:2 |       0 |      67 |   0.0 |       0 |      22 |   0.0 |   965
           D:3 |       0 |     293 |   0.0 |       0 |      37 |   0.0 |   882
           D:4 |       0 |     159 |   0.0 |       0 |       7 |   0.0 |   724
           D:5 |       0 |     587 |   0.0 |       0 |      19 |   0.0 |   837
           D:6 |       0 |     229 |   0.0 |       0 |       2 |   0.0 |    55
               +---------+---------+-------+---------+---------+-------+---------
